 Dungeon Crawl Stone Soup version 0.25-a0-294-gea9b1ad (webtiles) character file.

Game seed: 10370336307710954694, levelgen mode: deterministic

46 15 the Caller (level 3, -4/19 HPs)
             Began as a Tengu Summoner on Dec 16, 2019.
             Killed from afar by an orc wizard (7 damage)
             ... with a magic dart
             ... on level 3 of the Dungeon.
             The game lasted 00:13:17 (1859 turns).

15 the Caller (Tengu Summoner)                      Turns: 1859, Time: 00:13:18

Health: -4/19      AC:  2    Str:  9    XL:     3   Next: 68%
Magic:  0/7        EV: 13    Int: 15    God:
Gold:   164        SH:  0    Dex: 14    Spells: 0/6 levels left

rFire    + . .     SeeInvis .   f - +0 club
rCold    . . .     Gourm    .   (no shield)
rNeg     . . .     Faith    .   a - +0 robe
rPois    +         Spirit   .   (helmet restricted)
rElec    .         Reflect  .   (no cloak)
rCorr    .         Harm     .   (no gloves)
MR       .....                  (boots unavailable)
Stlth    ++........             (no amulet)
HPRegen  0.06/turn              i - ring of poison resistance
MPRegen  0.10/turn              d - ring of protection from fire

@: no status effects
A: beak, talons 3
a: no special abilities


You were on level 3 of the Dungeon.
You were hungry.

You visited 1 branch of the dungeon, and saw 3 of its levels.

You collected 164 gold pieces.

Inventory:

Hand Weapons
 f - a +0 club (weapon)
Armour
 a - a +0 robe (worn)
 k - a +0 cloak
Jewellery
 d - a ring of protection from fire (right hand)
 i - a ring of poison resistance (left hand)
Scrolls
 j - a scroll of fear {unknown}
 l - a scroll of noise {unknown}
 m - a scroll of teleportation {unknown}
Potions
 b - a potion of agility {unknown}
 e - 2 potions of brilliance {unknown}
 g - 2 potions of curing {unknown}
Comestibles
 c - 3 rations
 h - 3 chunks of flesh


   Skills:
 * Level 0.1 Fighting
 * Level 1.2 Armour
 * Level 2.5 Dodging
 + Level 2.0 Stealth
 * Level 2.4 Spellcasting
 * Level 5.5 Summonings


You couldn't memorise any spells.
You knew the following spells:

 Your Spells              Type           Power        Failure   Level  Hunger
a - Summon Small Mammal   Summ           ###.         2%          1    #......
b - Call Imp              Summ           ###.....     3%          2    ###....
c - Call Canine Familiar  Summ           ###.....     7%          3    ###....

Your spell library contained the following spells:

 Spells                   Type           Power        Failure   Level  Hunger
 Summon Guardian Golem    Hex/Summ       ##......     21%         3    ###....
 Summon Ice Beast         Ice/Summ       ##......     56%         4    #####..
 Summon Lightning Spire   Summ/Air       ##......     56%         4    #####..


Dungeon Overview and Level Annotations

Branches:
Dungeon (3/15)

Altars:


Innate Abilities, Weirdness & Mutations

You have a beak for a mouth.
You have claws for feet.


Message History

Your hound barely misses the orc wizard.
The orc wizard hits your hound with a +0 dagger.
Your hound bites the orc wizard.
The orc wizard hits your hound with a +0 dagger.
Your hound bites the orc wizard.
The orc wizard gestures wildly while chanting.
The orc wizard blinks!
You see here an orc corpse.
You butcher the orc corpse.
The orc wizard hits your hound with a +0 dagger.
Things that are here:
3 chunks of flesh; an orc skeleton
h - 3 chunks of flesh Your hound bites the orc wizard.
Your hound closely misses the orc wizard.
Casting: Call Canine Familiar (safe; 7% risk of failure)
Confirm with . or Enter, or press ? or * to list all spells.
The orc wizard gestures at you while chanting.
The magic dart hits you!
You die...

######### #
########.........#
##.####........ ######<#
#.......h..######......#
...#..).o..)@.b...######
.........##########
.........# ..##...#... .
##..####.. #... ...
..... .. ...... . ......


You could see an orc wizard, a friendly hound and a friendly bat.

Vanquished Creatures
  A dart slug (D:1)
  An orc (D:3)
  A goblin (D:1)
  3 hobgoblins
  A kobold (D:1)
  2 rats (D:2)
9 creatures vanquished.

Vanquished Creatures (collateral kills)
  An adder (D:3)
  2 worms (D:2)
  A leopard gecko (D:3)
  2 orcs (D:3)
  2 ball pythons
  A giant cockroach (D:2)
  2 goblins (D:1)
  8 hobgoblins
  2 jackals (D:2)
  2 quokkas (D:2)
  6 bats
  A frilled lizard (D:1)
  5 kobolds
  A rat (D:1)
36 creatures vanquished.

Grand Total: 45 creatures vanquished

Notes
Turn   | Place    | Note
-------+----------+-------------------------------------------
     0 | D:1      | 15 the Tengu Summoner began the quest for the Orb.
     0 | D:1      | Reached XP level 1. HP: 10/10 MP: 4/4
   156 | D:1      | Reached skill level 5 in Summonings
   205 | D:1      | Reached XP level 2. HP: 9/15 MP: 3/6
   215 | D:1      | Learned a level 2 spell: Call Imp
   394 | D:1      | Upgraded the game from 0.25-a0-292-gaa31f04 to
                  | 0.25-a0-294-gea9b1ad
  1002 | D:2      | Reached XP level 3. HP: 15/19 MP: 3/7
  1007 | D:2      | Learned a level 3 spell: Call Canine Familiar
  1823 | D:3      | Reached skill level 1 in Armour
  1859 | D:3      | Killed from afar by an orc wizard

Levels and vault maps discovered:
D:1:      nicolae_arrival_somewhat_less_tricky_arrival, layout_rooms
D:2:      layout_loops_corners, st_stairs_10, minmay_misc_feat_secret_circle
D:3:      layout_rooms, first_ration, chequers_ecumenical_altar_simple,
          uniq_crazy_yiuf_cottage

Skill      XL: |  1  2  3 |
---------------+----------+-----
Summonings     | 5 |  5.5
Armour         | 1 |  1.2
Fighting       | |  0.1
Dodging        | |  2.5
Stealth        | |  2.0
Spellcasting   | |  2.4

Action                   || total
-------------------------++-------
Melee: Unarmed           ||     6
       Club              ||    29
       Kick              ||     8
       Peck              ||     5
 Cast: Summon Small Mamm ||    19
       Call Imp          ||    13
       Call Canine Famil ||     8
  Use: Scroll            ||     4
 Stab: Sleeping          ||     2
       Distracted        ||     1
  Eat: Chunk             ||     4
Armor: Robe              ||     9
Dodge: Dodged            ||    38

Table legend:
 A = Non-vault XP
 B = Vault XP
 C = Vault XP percentage of total XP
 D = Non-vault monster count
 E = Vault monster count
 F = Vault count percentage of total count
                 A         B        C        D         E       F
            +---------+---------+-------+---------+---------+-------
      Total |      62 |       5 |   7.5 |      42 |       3 |   6.7
            +---------+---------+-------+---------+---------+-------
        D:1 |      28 |       0 |   0.0 |      23 |       0 |   0.0
        D:2 |      18 |       5 |  21.7 |      14 |       3 |  17.6
        D:3 |      16 |       0 |   0.0 |       5 |       0 |   0.0
            +---------+---------+-------+---------+---------+-------
